 Dungeon Crawl Stone Soup version 0.31-a0-152-g6aa68a64a1 (webtiles) character file.

Game seed: 8782779090474335565

3597 qw the Skirmisher (level 10, -13/94 HPs)
             Began as a Naga Hunter on June 9, 2023.
             Was a Follower of Okawaru.
             Mangled by a boulder beetle (19 damage)
             ... on level 8 of the Dungeon.
             The game lasted 00:02:35 (5394 turns).

qw the Skirmisher (Naga Hunter)                     Turns: 5394, Time: 00:02:35

Health: -13/94     AC: 10    Str: 15    XL:     10   Next: 10%
Magic:  11/13      EV: 14    Int:  9    God:    Okawaru [*.....]
Gold:   312        SH:  0    Dex: 18    Spells: 9/9 levels left

rFire   . . .        Y - +0 orcbow
rCold   + . .        (shield currently unavailable)
rNeg    + . .        b - +1 leather armour {rN+}
rPois   +            k - +1 helmet
rElec   .            q - +0 cloak
rCorr   +            (no gloves)
SInv    +            (no barding)
Will    +....        d - amulet of regeneration
Stlth   +++          o - ring of resist corrosion
HPRegen 1.15/turn    c - ring of protection from cold
MPRegen 0.13/turn

%: no passive effects
@: about to teleport, short of breath, heroic, very slow
A: AC +3, large, see invisible, deformed body, poison resistance, slowness 2,
spit poison 1, naga tail 1
a: Spit Poison, Renounce Religion, Heroism


You were on level 8 of the Dungeon.
You worshipped Okawaru.
Okawaru was aware of your devotion.
You visited 2 branches of the dungeon, and saw 9 of its levels.

You collected 312 gold pieces.


Innate Abilities, Weirdness & Mutations

Your serpentine skin is tough. (AC +3)
You have supernaturally acute eyesight. (SInv)
Armour fits poorly on your strangely shaped body.
Your system is resistant to poisons. (rPois)
You cover ground very slowly.
You can spit poison.
You have a snake-like lower body.


   Skills:
 - Level 7.0(12.0) Fighting
 + Level 10.9(15.9) Ranged Weapons
 - Level 1.4(6.4) Armour
 - Level 3.0(8.0) Dodging
 - Level 1.5(6.5) Stealth
 - Level 4.1 Invocations


You had 9 spell levels left.
You didn't know any spells.
Your spell library was empty.

Inventory:

Hand Weapons
 Y - a +0 orcbow (weapon)
Armour
 b - a +1 leather armour of positive energy (worn)
 j - +0 steam dragon scales
 k - a +1 helmet (worn)
 q - a +0 cloak (worn)
Jewellery
 c - a ring of protection from cold (right hand)
 d - an amulet of regeneration (around neck)
 f - a ring of fire
 o - a ring of resist corrosion (left hand)
Scrolls
 a - a scroll of identify
 i - a scroll of teleportation
Potions
 e - 4 potions of curing
 g - a potion of might {unknown}
 h - a potion of haste {unknown}
 l - a potion of berserk rage {unknown}
 m - a potion of mutation {unknown}
 n - a potion of invisibility {unknown}
 r - a potion of ambrosia {unknown}

Dungeon Overview and Level Annotations

Branches:
Dungeon (8/15)             Temple (1/1) D:6
   Lair: D:8-11

Altars:
Ashenzari
Cheibriados
Dithmenos
Elyvilon
Fedhas
Gozag
Hepliaklqana
Kikubaaqudgha
Makhleb
Nemelex Xobeh
Okawaru
Qazlal
Ru
Sif Muna
Trog
Uskayaw
Vehumet
Wu Jian
Xom
Yredelemnul
Zin
The Shining One


Message History

The killer bee closely misses you. The tarantella closely misses you.
The killer bee barely misses you.
You shoot an arrow. The arrow misses the tarantella.
The tarantella closely misses you. The killer bee barely misses you.
You shoot an arrow. The arrow hits the tarantella!!
You kill the tarantella!
Okawaru accepts your kill.
The killer bee stings you but does no damage.
The killer bee closely misses you.
You shoot an arrow.
The arrow hits the boulder beetle but does no damage.
The boulder beetle is heavily wounded.
The killer bee barely misses you. The boulder beetle barely misses you.
You shoot an arrow.
The arrow hits the boulder beetle but does no damage.
The boulder beetle is heavily wounded.
You have got your breath back.
The killer bee stings you but does no damage.
5391 ||| INVOKING Spit Poison.
Aiming: Spit Poison (1% risk of failure)
Press: ? - help, Shift-Dir - straight line, f/p - boulder beetle The splash of poison hits the boulder beetle but does no damage.
The boulder beetle is severely wounded.
You feel like a meek peon again. The killer bee stings you!
The boulder beetle bites you! The killer bee barely misses you.
5392 ||| INVOKING Heroism.
You gain the combat prowess of a mighty hero.
The killer bee closely misses you. The boulder beetle bites you!
The killer bee barely misses you.
5393 ||| READING 2 scrolls of teleportation.
As you read the scroll of teleportation, it crumbles to dust.
You feel strangely unstable.
The boulder beetle looks more healthy.
The killer bee stings you. The boulder beetle bites you.
The killer bee misses you.
You shoot an arrow.
The arrow hits the boulder beetle but does no damage.
The boulder beetle is severely wounded.
The killer bee stings you. The boulder beetle bites you!!
You die...

(. #.###.##..###
#.. #...........#
#.# #####.#####.#
..# ##..##..###.#
# #.# #.##.)##..#
. ##.
#.##.##.~##..#
##"|}##.##..##..#
#
#.}=).B#.#..##..#
#@#.##..##..
#y##.##..# ..#
#5# ##.(##..###
..# #..# ..# #.#
#### ## #.# #. .


You could see a boulder beetle, a killer bee and a white imp.

Vanquished Creatures
  A hornet (D:7)
  A tarantella (shapeshifter) (D:8)
  Grinder (D:4)
  Sigmund (D:6)
  A steam dragon (D:7)
  Edmund (D:6)
  Duvessa (D:7)
  2 water moccasins
  An orc warrior (D:7)
  5 sky beasts
  An ice beast (D:7)
  A black bear (D:5)
  2 ogres
  2 centaurs (D:6)
  2 phantoms
  A bullfrog (D:6)
  A gnoll sergeant (D:6)
  3 scorpions
  Dowan (D:7)
  An electric eel (D:6)
  A howler monkey (D:7)
  3 jellies
  4 hounds
  An orc priest (D:4)
  4 iguanas
  Natasha (D:2)
  3 orc wizards
  5 gnolls (D:6)
  7 adders
  An ufetubus (D:5)
  A worm (D:2)
  3 dart slugs
  17 orcs
  8 ball pythons
  9 bats
  2 endoplasms (D:3)
  4 giant cockroaches
  7 goblins
  6 hobgoblins
  11 kobolds
  3 quokkas
  3 frilled lizards
  7 rats
141 creatures vanquished.

Notes
Turn   | Place    | Note
-------+----------+-------------------------------------------
     0 | D:1      | qw the Naga Hunter began the quest for the Orb.
     0 | D:1      | Reached XP level 1. HP: 19/19 MP: 1/1
     0 | D:1      | 0 ||| qw: Version: 0.2-a-122-gbc61b45
     0 | D:1      | 0 ||| qw: Game counter: 3268
     0 | D:1      | 0 ||| qw: Always use a shield: true
     0 | D:1      | 0 ||| qw: God list: Okawaru
     0 | D:1      | 0 ||| qw: Allow faded altars: false
     0 | D:1      | 0 ||| qw: Do Orc after D:15 true
     0 | D:1      | 0 ||| qw: Do second Lair branch before Depths: true
     0 | D:1      | 0 ||| qw: Lair rune preference: random
     0 | D:1      | 0 ||| qw: Plans: Normal
     0 | D:1      | 0 ||| PLANNING D:1-11
    44 | D:1      | 44 ||| INVOKING Spit Poison.
    47 | D:1      | 47 ||| INVOKING Spit Poison.
   194 | D:1      | 194 ||| INVOKING Spit Poison.
   199 | D:1      | Reached skill level 4 in Ranged Weapons
   199 | D:1      | Reached XP level 2. HP: 23/26 MP: 2/2
   257 | D:1      | 257 ||| INVOKING Spit Poison.
   321 | D:1      | 321 ||| INVOKING Spit Poison.
   326 | D:1      | 326 ||| INVOKING Spit Poison.
   379 | D:1      | 379 ||| INVOKING Spit Poison.
   384 | D:1      | 384 ||| INVOKING Spit Poison.
   400 | D:1      | 400 ||| INVOKING Spit Poison.
   404 | D:1      | 404 ||| INVOKING Spit Poison.
   441 | D:1      | Found a faded altar of an unknown god.
   442 | D:1      | 442 ||| INVOKING Spit Poison.
   455 | D:1      | 455 ||| INVOKING Spit Poison.
   594 | D:1      | 594 ||| INVOKING Spit Poison.
   599 | D:1      | 599 ||| UPGRADING to +0 helmet.
   604 | D:1      | 604 ||| READING scroll labelled TIAPSO OWOD.
   605 | D:1      | 605 ||| READING scroll labelled TIPOCU FIPOLOD.
   652 | D:1      | 652 ||| READING scroll labelled JEOGOU QETAYWE.
   656 | D:1      | 656 ||| READING scroll labelled PUQUIWO TOXOHERE.
   657 | D:1      | 657 ||| DRINKING 3 coppery potions.
   658 | D:1      | 658 ||| DROPPING scroll of butterflies.
   709 | D:2      | 709 ||| INVOKING Spit Poison.
   726 | D:2      | 726 ||| INVOKING Spit Poison.
   731 | D:2      | 731 ||| INVOKING Spit Poison.
   732 | D:2      | Reached XP level 3. HP: 27/32 MP: 3/3
   737 | D:2      | 737 ||| INVOKING Spit Poison.
   741 | D:2      | 741 ||| INVOKING Spit Poison.
   808 | D:2      | 808 ||| INVOKING Spit Poison.
   821 | D:2      | 821 ||| INVOKING Spit Poison.
   847 | D:2      | 847 ||| INVOKING Spit Poison.
   850 | D:2      | 850 ||| INVOKING Spit Poison.
   853 | D:2      | 853 ||| INVOKING Spit Poison.
   869 | D:2      | 869 ||| INVOKING Spit Poison.
   873 | D:2      | 873 ||| INVOKING Spit Poison.
   904 | D:2      | 904 ||| INVOKING Spit Poison.
   925 | D:2      | 925 ||| INVOKING Spit Poison.
   987 | D:2      | 987 ||| INVOKING Spit Poison.
  1013 | D:2      | 1013 ||| INVOKING Spit Poison.
  1026 | D:2      | 1026 ||| INVOKING Spit Poison.
  1083 | D:2      | 1083 ||| INVOKING Spit Poison.
  1089 | D:2      | 1089 ||| INVOKING Spit Poison.
  1090 | D:2      | Reached skill level 5 in Ranged Weapons
  1090 | D:2      | Reached XP level 4. HP: 39/39 MP: 4/4
  1105 | D:2      | 1105 ||| INVOKING Spit Poison.
  1208 | D:2      | 1208 ||| INVOKING Spit Poison.
  1223 | D:2      | Found a blossoming altar of Fedhas.
  1290 | D:2      | 1290 ||| UPGRADING to amulet of regeneration.
  1295 | D:2      | 1295 ||| READING 2 scrolls labelled NEIRRE CUUTZ.
  1296 | D:2      | 1296 ||| READING scroll of enchant armour.
  1296 | D:2      | 1296 ||| ENCHANTING +0 helmet.
  1297 | D:2      | 1297 ||| READING scroll labelled MEANUPSAOHA.
  1298 | D:2      | 1298 ||| DRINKING 2 fuming coppery potions.
  1313 | D:3      | Noticed Natasha
  1314 | D:3      | 1314 ||| INVOKING Spit Poison.
  1316 | D:3      | 1316 ||| STAIRDANCE
  1319 | D:2      | Killed Natasha
  1331 | D:3      | 1331 ||| INVOKING Spit Poison.
  1346 | D:3      | 1346 ||| INVOKING Spit Poison.
  1365 | D:3      | 1365 ||| INVOKING Spit Poison.
  1389 | D:3      | 1389 ||| INVOKING Spit Poison.
  1430 | D:3      | Reached skill level 3 in Fighting
  1432 | D:3      | 1432 ||| INVOKING Spit Poison.
  1435 | D:3      | 1435 ||| INVOKING Spit Poison.
  1441 | D:3      | 1441 ||| INVOKING Spit Poison.
  1536 | D:3      | 1536 ||| INVOKING Spit Poison.
  1566 | D:3      | 1566 ||| INVOKING Spit Poison.
  1572 | D:3      | Reached XP level 5. HP: 47/49 MP: 5/5
  1645 | D:3      | 1645 ||| READING 2 scrolls labelled JUKIDE FEXYUL.
  1646 | D:3      | 1646 ||| READING scroll labelled QOD XU NEU.
  1747 | D:3      | 1747 ||| DROPPING scroll of vulnerability.
  1770 | D:4      | 1770 ||| INVOKING Spit Poison.
  1774 | D:4      | Noticed Grinder
  1775 | D:4      | 1775 ||| INVOKING Spit Poison.
  1787 | D:4      | 1787 ||| INVOKING Spit Poison.
  1788 | D:4      | Paralysed by Grinder for 2 turns
  1791 | D:4      | 1791 ||| INVOKING Spit Poison.
  1793 | D:4      | Paralysed by Grinder for 2 turns
  1796 | D:4      | HP: 10/49 [Grinder (9)]
  1797 | D:4      | 1797 ||| READING scroll of teleportation.
  1798 | D:4      | 1798 ||| DRINKING potion of heal wounds.
  1800 | D:4      | 1800 ||| INVOKING Spit Poison.
  1801 | D:4      | Found a radiant altar of Vehumet.
  1833 | D:4      | Found a white marble altar of Elyvilon.
  1835 | D:4      | 1835 ||| INVOKING Spit Poison.
  1838 | D:4      | 1838 ||| INVOKING Spit Poison.
  1841 | D:4      | Found a hazy altar of Hepliaklqana.
  1852 | D:4      | 1852 ||| INVOKING Spit Poison.
  1862 | D:4      | 1862 ||| INVOKING Spit Poison.
  1867 | D:4      | 1867 ||| INVOKING Spit Poison.
  1920 | D:4      | 1920 ||| INVOKING Spit Poison.
  1926 | D:4      | Reached skill level 6 in Ranged Weapons
  1926 | D:4      | Reached XP level 6. HP: 53/56 MP: 6/6
  1988 | D:4      | 1988 ||| INVOKING Spit Poison.
  2001 | D:4      | Found a bloodstained altar of Trog.
  2017 | D:4      | Paralysed by Grinder for 4 turns
  2026 | D:4      | Killed Grinder
  2027 | D:4      | Reached XP level 7. HP: 49/66 MP: 7/7
  2043 | D:4      | Found a blossoming altar of Fedhas.
  2044 | D:4      | Found a basalt altar of Yredelemnul.
  2044 | D:4      | Found an ornate altar of the Wu Jian Council.
  2092 | D:4      | 2092 ||| INVOKING Spit Poison.
  2097 | D:4      | 2097 ||| INVOKING Spit Poison.
  2103 | D:4      | 2103 ||| INVOKING Spit Poison.
  2281 | D:4      | 2281 ||| INVOKING Spit Poison.
  2284 | D:4      | 2284 ||| INVOKING Spit Poison.
  2326 | D:4      | 2326 ||| INVOKING Spit Poison.
  2343 | D:4      | Found a glowing golden altar of the Shining One.
  2463 | D:4      | 2463 ||| READING scroll labelled GIOKLYPR BYTT.
  2464 | D:4      | 2464 ||| READING 2 scrolls of identify.
  2464 | D:4      | 2464 ||| IDENTIFYING lumpy ruby potion
  2465 | D:4      | 2465 ||| DROPPING potion of magic.
  2526 | D:5      | Entered Level 5 of the Dungeon
  2569 | D:5      | 2569 ||| INVOKING Spit Poison.
  2640 | D:5      | 2640 ||| INVOKING Spit Poison.
  2646 | D:5      | 2646 ||| INVOKING Spit Poison.
  2652 | D:5      | 2652 ||| INVOKING Spit Poison.
  2653 | D:5      | Reached skill level 7 in Ranged Weapons
  2697 | D:5      | 2697 ||| INVOKING Spit Poison.
  2702 | D:5      | 2702 ||| INVOKING Spit Poison.
  2709 | D:5      | 2709 ||| INVOKING Spit Poison.
  2730 | D:5      | 2730 ||| INVOKING Spit Poison.
  2735 | D:5      | 2735 ||| INVOKING Spit Poison.
  2739 | D:5      | 2739 ||| INVOKING Spit Poison.
  2743 | D:5      | 2743 ||| INVOKING Spit Poison.
  2876 | D:5      | 2876 ||| INVOKING Spit Poison.
  2879 | D:5      | 2879 ||| INVOKING Spit Poison.
  2882 | D:5      | 2882 ||| INVOKING Spit Poison.
  2887 | D:5      | 2887 ||| INVOKING Spit Poison.
  2896 | D:5      | 2896 ||| INVOKING Spit Poison.
  2902 | D:5      | 2902 ||| INVOKING Spit Poison.
  2904 | D:5      | Reached XP level 8. HP: 39/73 MP: 8/8
  2967 | D:5      | 2967 ||| INVOKING Spit Poison.
  2971 | D:5      | 2971 ||| INVOKING Spit Poison.
  2972 | D:5      | 2972 ||| INVOKING Spit Poison.
  2974 | D:5      | Reached skill level 8 in Ranged Weapons
  2981 | D:5      | 2981 ||| INVOKING Spit Poison.
  3063 | D:5      | 3063 ||| INVOKING Spit Poison.
  3202 | D:5      | 3202 ||| INVOKING Spit Poison.
  3328 | D:5      | 3328 ||| UPGRADING to +1 leather armour of positive energy.
  3338 | D:5      | 3338 ||| DROPPING +0 leather armour.
  3339 | D:5      | 3339 ||| UPGRADING to ring of resist corrosion.
  3340 | D:5      | 3340 ||| READING scroll labelled PONAYNLEGYRO.
  3340 | D:5      | Identified a scroll of acquirement
  3340 | D:5      | 3340 ||| ACQUIRING ring of protection from cold
  3340 | D:5      | Acquired a ring of protection from cold
  3342 | D:5      | 3342 ||| UPGRADING to ring of protection from cold.
  3343 | D:5      | 3343 ||| DRINKING 2 viscous white potions.
  3344 | D:5      | 3344 ||| DROPPING potion of attraction.
  3438 | D:6      | 3438 ||| INVOKING Spit Poison.
  3444 | D:6      | 3444 ||| INVOKING Spit Poison.
  3447 | D:6      | 3447 ||| INVOKING Spit Poison.
  3449 | D:6      | Noticed Sigmund
  3454 | D:6      | 3454 ||| INVOKING Spit Poison.
  3458 | D:6      | 3458 ||| INVOKING Spit Poison.
  3463 | D:6      | 3463 ||| DRINKING 5 potions of curing.
  3463 | D:6      | 3463 ||| (to cure confusion)
  3465 | D:6      | 3465 ||| INVOKING Spit Poison.
  3468 | D:6      | Killed Sigmund
  3471 | D:6      | 3471 ||| INVOKING Spit Poison.
  3472 | D:6      | Reached skill level 9 in Ranged Weapons
  3475 | D:6      | 3475 ||| INVOKING Spit Poison.
  3511 | D:6      | Found the +7 Kryia's mail coat {PotionHeal*2 rC+}
  3536 | D:6      | 3536 ||| INVOKING Spit Poison.
  3541 | D:6      | 3541 ||| INVOKING Spit Poison.
  3542 | D:6      | Reached skill level 1 in Armour
  3593 | D:6      | 3593 ||| SWAPPING to +0 orcbow.
  3594 | D:6      | 3594 ||| DROPPING +0 shortbow.
  3615 | D:6      | Noticed Edmund
  3616 | D:6      | 3616 ||| INVOKING Spit Poison.
  3621 | D:6      | 3621 ||| INVOKING Spit Poison.
  3625 | D:6      | Killed Edmund
  3643 | D:6      | Reached skill level 6 in Fighting
  3643 | D:6      | Reached XP level 9. HP: 49/82 MP: 9/9
  3685 | D:6      | Found a staircase to the Ecumenical Temple.
  3686 | D:6      | 3686 ||| PLANNING TEMPLE
  3686 | D:6      | 3686 ||| UPGRADING to +0 cloak.
  3691 | D:6      | 3691 ||| READING scroll labelled CIDDIUXK HOXKI.
  3692 | D:6      | 3692 ||| READING 2 scrolls labelled XANOIBB REXE.
  3693 | D:6      | 3693 ||| DRINKING 3 metallic grey potions.
  3694 | D:6      | 3694 ||| READING 2 scrolls of identify.
  3694 | D:6      | 3694 ||| IDENTIFYING viscous clear potion
  3695 | D:6      | 3695 ||| DROPPING potion of lignification.
  3696 | D:6      | 3696 ||| DROPPING 2 potions of brilliance.
  3697 | D:6      | 3697 ||| DROPPING scroll of fear.
  3707 | Temple   | Entered the Ecumenical Temple
  3708 | Temple   | 3708 ||| PLANNING OKAWARU WORSHIP
  3714 | Temple   | Became a worshipper of Warmaster Okawaru
  3714 | Temple   | 3714 ||| PLANNING D:1-11
  3830 | D:6      | 3830 ||| INVOKING Spit Poison.
  3833 | D:6      | 3833 ||| FLEEEEING.
  3847 | D:6      | 3847 ||| INVOKING Spit Poison.
  3849 | D:6      | Found a burning altar of Makhleb.
  3850 | D:6      | Found a sparkling altar of Nemelex Xobeh.
  3862 | D:6      | 3862 ||| INVOKING Spit Poison.
  3865 | D:6      | Reached skill level 3 in Dodging
  3868 | D:6      | 3868 ||| INVOKING Spit Poison.
  3887 | D:6      | 3887 ||| INVOKING Spit Poison.
  3912 | D:6      | 3912 ||| INVOKING Spit Poison.
  3986 | D:7      | 3986 ||| INVOKING Spit Poison.
  4000 | D:7      | 4000 ||| INVOKING Spit Poison.
  4004 | D:7      | 4004 ||| INVOKING Spit Poison.
  4024 | D:7      | 4024 ||| INVOKING Spit Poison.
  4028 | D:7      | 4028 ||| INVOKING Spit Poison.
  4120 | D:7      | 4120 ||| INVOKING Spit Poison.
  4148 | D:7      | 4148 ||| INVOKING Spit Poison.
  4152 | D:7      | 4152 ||| INVOKING Spit Poison.
  4153 | D:7      | Reached * piety under Okawaru
  4159 | D:7      | 4159 ||| INVOKING Spit Poison.
  4225 | D:7      | 4225 ||| INVOKING Heroism.
  4441 | D:7      | 4441 ||| INVOKING Spit Poison.
  4446 | D:7      | Reached skill level 10 in Ranged Weapons
  4479 | D:7      | 4479 ||| INVOKING Spit Poison.
  4483 | D:7      | Reached skill level 1 in Invocations
  4656 | D:7      | 4656 ||| INVOKING Spit Poison.
  4755 | D:7      | Noticed Dowan
  4756 | D:7      | 4756 ||| INVOKING Heroism.
  4758 | D:7      | Noticed Duvessa
  4759 | D:7      | 4759 ||| INVOKING Spit Poison.
  4763 | D:7      | Killed Dowan
  4767 | D:7      | 4767 ||| INVOKING Spit Poison.
  4773 | D:7      | 4773 ||| INVOKING Heroism.
  4773 | D:7      | HP: 15/85 [Duvessa/+0 short sword (12)]
  4774 | D:7      | 4774 ||| READING 3 scrolls of teleportation.
  4774 | D:7      | HP: 7/85 [steam dragon] (1)]
  4775 | D:7      | 4775 ||| DRINKING 2 potions of heal wounds.
  4776 | D:7      | 4776 ||| DRINKING potion of heal wounds.
  4776 | D:7      | HP: 2/85 [steam dragon (2)]
  4777 | D:7      | 4777 ||| INVOKING Spit Poison.
  4777 | D:7      | Killed Duvessa
  4778 | D:7      | Reached skill level 3 in Invocations
  4895 | D:7      | 4895 ||| INVOKING Heroism.
  4896 | D:7      | 4896 ||| INVOKING Spit Poison.
  4902 | D:7      | 4902 ||| INVOKING Spit Poison.
  5056 | D:7      | Identified the +4 quarterstaff of Awam {pain, *Slow Fragile
                  | rCorr Str+8}
  5119 | D:7      | Noticed a hornet
  5120 | D:7      | 5120 ||| INVOKING Spit Poison.
  5123 | D:7      | 5123 ||| INVOKING Spit Poison.
  5124 | D:7      | 5124 ||| INVOKING Heroism.
  5125 | D:7      | Killed a hornet
  5304 | D:8      | 5304 ||| INVOKING Spit Poison.
  5305 | D:8      | 5305 ||| Stepping ~*~*~tactically~*~*~ (outnumbered).
  5325 | D:8      | Reached XP level 10. HP: 80/94 MP: 13/13
  5325 | D:8      | 5325 ||| INVOKING Spit Poison.
  5330 | D:8      | 5330 ||| INVOKING Spit Poison.
  5332 | D:8      | 5332 ||| INVOKING Heroism.
  5374 | D:8      | Noticed a boulder beetle
  5375 | D:8      | 5375 ||| INVOKING Heroism.
  5376 | D:8      | 5376 ||| INVOKING Spit Poison.
  5383 | D:8      | 5383 ||| INVOKING Spit Poison.
  5391 | D:8      | 5391 ||| INVOKING Spit Poison.
  5392 | D:8      | 5392 ||| INVOKING Heroism.
  5392 | D:8      | HP: 17/94 [boulder beetle (9)]
  5393 | D:8      | 5393 ||| READING 2 scrolls of teleportation.
  5394 | D:8      | HP: 6/94 [killer bee (5)]
  5394 | D:8      | Mangled by a boulder beetle

Levels and vault maps discovered:
D:1:      minmay_arrival_shoal_huts, layout_basic, basic_ecumenical_altar,
          nicolae_figureground_sparkle
D:2:      wad_river_or_something, layout_basic, basic_altar, minmay_heptomino_d4
D:3:      layout_rooms, uniq_natasha
D:4:      layout_loops_ring, grunt_temple_overflow_open,
          mainiacjoe_overflow_tiny_flanked, uniq_grinder
D:5:      layout_loops_ring
D:6:      layout_rooms, nicolae_overflow_squiral,
          minmay_temple_entry_drinking_statues, uniq_sigmund, uniq_edmund
D:7:      layout_basic, uniq_duvessa
D:8:      minmay_the_grid_plus [minmay_the_grid_small_cups,
          minmay_the_grid_minigrid_medium, minmay_the_grid_spin_star,
          minmay_the_grid_stretched_grid, minmay_the_grid_prize_diamond_cup],
          layout_loops_corners, dpeg_oklobed_lair, enter_bailey_2
Temple:   nicolae_temple_no_exploring_needed

Skill      XL: |  1  2  3  4  5  6  7  8  9 |
---------------+----------------------------+-----
Ranged Weapons | 4 5 6 7 9 10 | 10.9
Fighting       | 3 4 6 7 |  7.0
Dodging        | 2 3 |  3.0
Armour         | 1 |  1.4
Invocations    | 4 |  4.1
Stealth        | |  1.5

Action                     |  1- 3 |  4- 6 |  7- 9 | 10-12 || total
---------------------------+-------+-------+-------+-------++-------
   Fire: Shortbow          |    72 |   100 |   153 |       ||   325
         Orcbow            |       |       |   144 |    20 ||   164
 Invoke: Heroism           |       |       |     5 |     3 ||     8
Ability: Spit Poison       |    32 |    24 |    66 |     5 ||   127
    Use: Scroll            |     4 |     6 |     7 |     1 ||    18
         Potion            |     1 |     2 |     5 |       ||     8
 Armour: Leather armour    |    10 |     7 |    63 |     7 ||    87
  Dodge: Dodged            |    15 |    21 |   109 |    18 ||   163

Table legend:
 A = Non-vault XP
 B = Vault XP
 C = Vault XP percentage of total XP
 D = Non-vault monster count
 E = Vault monster count
 F = Vault count percentage of total count
                 A         B        C        D         E       F
            +---------+---------+-------+---------+---------+-------
      Total |    3635 |    1504 |  29.3 |     120 |      21 |  14.9
            +---------+---------+-------+---------+---------+-------
        D:1 |      27 |       0 |   0.0 |      16 |       0 |   0.0
        D:2 |      50 |      51 |  50.5 |      19 |      12 |  38.7
        D:3 |      40 |       0 |   0.0 |      15 |       0 |   0.0
        D:4 |     257 |     267 |  51.0 |      17 |       1 |   5.6
        D:5 |     824 |       0 |   0.0 |      18 |       0 |   0.0
        D:6 |     924 |     389 |  29.6 |      15 |       2 |  11.8
        D:7 |    1513 |     216 |  12.5 |      20 |       2 |   9.1
        D:8 |       0 |     581 | 100.0 |       0 |       4 | 100.0
            +---------+---------+-------+---------+---------+-------
